 Dungeon Crawl Stone Soup version 0.28-a0-984-g3775c662fe (webtiles) character file.

Game seed: 8569663631433253822

0 meatgazer the Skirmisher (level 1, -8/18 HPs)
             Began as a Demonspawn Abyssal Knight on Dec 3, 2021.
             Was a Follower of Lugonu.
             Mangled by a large abomination (26 damage)
             ... on level 2 of the Abyss.
             The game lasted 00:00:25 (71 turns).

meatgazer the Skirmisher (Demonspawn Abyssal Knight)  Turns: 71, Time: 00:00:26

Health: -8/18      AC:  3    Str: 13    XL:     1   Next: 0%
Magic:  2/2        EV: 11    Int: 11    God:    Lugonu [*.....]
Gold:   0          SH:  0    Dex: 13    Spells: 0/0 levels left

rFire   . . .      SeeInvis .   a - +1 falchion
rCold   . . .      Faith    .   (no shield)
rNeg    . . .      Spirit   .   b - +0 leather armour
rPois   .          Reflect  .   (no helmet)
rElec   .          Harm     .   (no cloak)
rCorr   .          Rampage  .   (no gloves)
Will    .....                   (no boots)
Stlth   +.........              (no amulet)
HPRegen 0.06/turn               (no ring)
MPRegen 0.08/turn               (no ring)

@: attractive
A: no striking features
a: Renounce Religion, Depart the Abyss


You were on level 2 of the Abyss.
You worshipped Lugonu.
Lugonu was aware of your devotion.
You visited 0 branches of the dungeon, and saw 0 of its levels.
You visited the Abyss 1 time.

Inventory:

Hand Weapons
 a - a +1 falchion (weapon)
Armour
 b - a +0 leather armour (worn)


   Skills:
 + Level 3.0 Fighting
 + Level 1.7 Long Blades
 + Level 1.7 Armour
 + Level 0.8 Dodging
 + Level 2.4 Invocations


You couldn't memorise any spells.
You didn't know any spells.
Your spell library was empty.

Dungeon Overview and Level Annotations

Branches:
Dungeon (0/15)

Altars:


Message History

Welcome, meatgazer the Demonspawn Abyssal Knight.
They say the Orb of Zot lies within this dungeon, but they say a lot of things.
Lugonu says: Depart the Abyss and spread corruption, my servant! (use the ability menu to exit the Abyss) Press ? for a list of commands and other information.
Found a corrupted altar of Lugonu.
There is a corrupted altar of Lugonu here.
Found a gateway leading out of the Abyss.
Found a gateway leading deeper into the Abyss.
Found a gateway leading deeper into the Abyss.
c - a fizzy inky potion
There is a gateway leading deeper into the Abyss here.
You plunge deeper into the Abyss.
Found a corrupted altar of Lugonu.
Found 14 arrows.
Found a short sword.
A large abomination comes into view.
Found a scroll labelled ZEASOIKHLA.
d - a scroll labelled ZEASOIKHLA
Found a corrupted altar of Lugonu.
A will-o-the-wisp comes into view.
The will-o-the-wisp gives a chilling moan.
As you read the scroll labelled ZEASOIKHLA, it crumbles to dust.
It is a scroll of identify.
c - a potion of attraction The will-o-the-wisp gestures.
The will-o-the-wisp conjures some foxfire!
A foxfire comes into view.
Really quaff the potion of attraction?
You feel attractive to monsters.
The will-o-the-wisp is attracted toward you.
The large abomination is attracted toward you.
The large abomination is attracted toward you.
The will-o-the-wisp is attracted toward you.
You hit the large abomination.
The large abomination is lightly damaged.
The large abomination hits you!!
Ouch! That really hurt!
You die...

## .## #.. ..
###.# #.# .
#...##.. #.# #
#....#.....# .
#...#.#..# #.
#.#....# #.###
#...v§#
#......#X@#.§§..#
#....§#.#...§§#
##
#.......######..
#.......#.......#
. .##...#####..#
. ....##.# _# #
#..# ### . .#
#.### # .. . .# #
## ..


You could see a large abomination and a will-o-the-wisp.

Vanquished Creatures (others)
  A foxfire (Abyss:2)
1 creature vanquished.

Notes
Turn   | Place    | Note
-------+----------+-------------------------------------------
     0 | Abyss:1  | meatgazer the Demonspawn Abyssal Knight began the quest for
                  | the Orb.
     0 | Abyss:1  | Reached XP level 1. HP: 18/18 MP: 2/2
    31 | Abyss:2  | Found a corrupted altar of Lugonu.
    41 | Abyss:2  | Noticed a large abomination
    65 | Abyss:2  | Found a corrupted altar of Lugonu.
    67 | Abyss:2  | Noticed a will-o-the-wisp
    71 | Abyss:2  | Mangled by a large abomination

Illustrated notes

Levels and vault maps discovered:
Abyss:2:  base:
Temple

Action                   || total
-------------------------++-------
Melee: Falchion          ||     1
  Use: Scroll            ||     1
       Potion            ||     1

Table legend: (Time is in decaauts)
 A = Elapsed time spent in this place.
 B = Non-inter-level travel time spent in this place.
 C = Inter-level travel time spent in this place.
 D = Time resting spent in this place.
 E = Time spent auto-exploring this place.
 F = Levels seen in this place.
 G = Mean time per level.
                   A        B        C        D        E       F      G
               +--------+--------+--------+--------+--------+-----+--------+
         Total |     70 |     70 |      0 |      0 |     19 |   2 |   35.0 |
         Abyss |     70 |     70 |      0 |      0 |     19 |   2 |   35.0 |
               +--------+--------+--------+--------+--------+-----+--------+

Top non-repeatable levels by time:
 Abyss:2: 41 daAuts
 Abyss:1: 29 daAuts
